 Dungeon Crawl Stone Soup version 0.28-a0-662-g1651b1f1e0 (webtiles) character file.

Game seed: 14706895577778205522

185 siradein the Stinger (level 5, 0/35 HPs)
             Began as a Demonspawn Venom Mage on Oct 15, 2021.
             Slain by a killer bee (2 damage)
             ... on level 7 of the Dungeon.
             The game lasted 00:12:12 (4019 turns).

siradein the Stinger (Demonspawn Venom Mage)        Turns: 4019, Time: 00:12:13

Health: 0/35       AC:  7    Str:  8    XL:     5   Next: 37%
Magic:  1/9        EV: 11    Int: 17    God:
Gold:   324        SH:  0    Dex: 16    Spells: 4/10 levels left

rFire   . . .      SeeInvis +   e - staff of poison
rCold   + . .      Faith    .   (no shield)
rNeg    . . .      Spirit   .   a - +2 leather armour {rC+}
rPois   +          Reflect  .   (no helmet)
rElec   .          Harm     .   (no cloak)
rCorr   .          Rampage  .   c - +0 pair of gloves
Will    .....                   f - +0 pair of boots
Stlth   +++.......              (no amulet)
HPRegen 0.11/turn               h - ring of see invisible
MPRegen 0.11/turn               (no ring)

@: no status effects
A: thin skeletal structure 1, powered by pain 1
a: no special abilities


You were on level 7 of the Dungeon.
You visited 1 branch of the dungeon, and saw 6 of its levels.

You collected 324 gold pieces.

Inventory:

Missiles
 b - a throwing net
Armour
 a - a +2 leather armour of cold resistance (worn)
 c - a +0 pair of gloves (worn)
 f - a +0 pair of boots (worn)
Magical Staves
 e - a staff of poison (weapon)
Jewellery
 h - a ring of see invisible (left hand)
Wands
 j - a wand of digging (8)
Scrolls
 d - a scroll of enchant weapon {unknown}
 l - a scroll of amnesia {unknown}
 m - a scroll of holy word {unknown}
Potions
 g - a potion of mutation {unknown}
 i - a potion of might {unknown}
 k - a potion of magic {unknown}


   Skills:
 + Level 1.4 Staves
 - Level 1.7 Dodging
 - Level 1.7 Stealth
 + Level 3.1 Spellcasting
 + Level 2.3 Transmutations
 + Level 4.0 Poison Magic
 + Level 1.6 Evocations


You had 4 spell levels left.
You knew the following spells:

 Your Spells              Type           Power      Damage    Failure   Level
a - Sting                 Tmut/Pois      80%        1d7       7%          1
b - Poisonous Vapours     Pois/Air       28%        N/A       17%         2
c - Mephitic Cloud        Conj/Pois/Air  10%        N/A       41%         3

Your spell library contained the following spells:

 Spells                   Type           Power      Damage    Failure   Level
 Olgreb's Toxic Radiance  Pois           24%        N/A       43%         4


Dungeon Overview and Level Annotations

Branches:
Dungeon (7/15)
 Temple: D:4-7

Altars:
Elyvilon

Shops:
D:3 [

Annotations:
D:6 Prince Ribbit


Innate Abilities, Weirdness & Mutations

You have a somewhat thin skeletal structure. (Dex +2, Stealth+)
You sometimes gain a little power by taking damage.


Message History

Press: ? - help, Shift-Dir - straight line, f - you, p - killer bee You feel a surge of power!
The ball explodes into a vile cloud!
The stinking cloud engulfs you but does no damage.
The stinking cloud engulfs the killer bee but does no damage.
The killer bee is lightly wounded.
The stinking cloud engulfs the wyvern but does no damage.
You hear a croak.
The killer bee barely misses you.
The wyvern is engulfed in noxious fumes.
The wyvern appears confused.
The killer bee closely misses you.
Prince Ribbit comes into view.
The wyvern is engulfed in noxious fumes.
The killer bee stings you!
* * * LOW HITPOINT WARNING * * *
The killer bee stings you.
* * * LOW HITPOINT WARNING * * *
The wyvern is engulfed in noxious fumes.
The wyvern appears confused.
Prince Ribbit blinks!
You climb downwards.
The killer bee closely misses you. x3
The killer bee stings you.
* * * LOW HITPOINT WARNING * * *
The killer bee stings you but does no damage.
There is a stone staircase leading up here.
Unknown command.
Casting: Mephitic Cloud (quite dangerous; 41% risk of failure)
Confirm with . or Enter, or press ? or * to list all spells.
The spell is quite dangerous to cast (41% risk of failure)!
Continue anyway?
Aiming: Mephitic Cloud (quite dangerous; 41% risk of failure)
Press: ? - help, Shift-Dir - straight line, f - you You feel a surge of power!
The ball explodes into a vile cloud!
The stinking cloud engulfs you but does no damage.
The stinking cloud engulfs the killer bee but does no damage.
The killer bee is heavily wounded.
The stinking cloud engulfs the killer bee but does no damage. x2
The killer bee buzzes angrily. x2; You hear a croak.
The killer bee barely misses you.
The killer bee is engulfed in noxious fumes.
The killer bee appears confused.
The killer bee misses you. The killer bee barely misses you.
The killer bee stings you.
You die...

#####...........
................
#####....##..##.
............[#
.#####.......##
............##
.........y..#..
.....y○☼........
..##.y☼@y.......
......y○§..###..
..#.......## #.
. #.....###
........
....#.#..
#..#...#.
#...... ..


You could see 5 killer bees.

Vanquished Creatures
  A jelly (D:4)
  Terence (D:3)
  A hound skeleton (D:4)
  4 adders
  A worm (D:4)
  A dart slug (D:1)
  4 orcs
  6 ball pythons
  9 bats
  5 endoplasms
  2 giant cockroaches
  9 goblins
  7 hobgoblins
  3 jackals (D:1)
  7 kobolds
  4 frilled lizards
  6 rats
71 creatures vanquished.

Vanquished Creatures (others)
  8 fungi (D:4)
8 creatures vanquished.

Grand Total: 79 creatures vanquished

Notes
Turn   | Place    | Note
-------+----------+-------------------------------------------
     0 | D:1      | siradein the Demonspawn Venom Mage began the quest for the
                  | Orb.
     0 | D:1      | Reached XP level 1. HP: 13/13 MP: 3/3
    59 | D:1      | Reached skill level 1 in Transmutations
   191 | D:1      | Gained mutation: You have a somewhat thin skeletal
                  | structure. (Dex +2, Stealth+) [demonic ancestry]
   191 | D:1      | Reached XP level 2. HP: 9/19 MP: 0/5
   717 | D:1      | Learned a level 2 spell: Poisonous Vapours
   919 | D:1      | Reached XP level 3. HP: 24/24 MP: 4/6
   977 | D:1      | Learned a level 3 spell: Mephitic Cloud
  1473 | D:2      | Found a faded altar of an unknown god.
  2430 | D:3      | Gained mutation: You sometimes gain a little power by
                  | taking damage. [demonic ancestry]
  2430 | D:3      | Reached XP level 4. HP: 27/30 MP: 5/8
  2664 | D:3      | Reached skill level 1 in Evocations
  2763 | D:3      | Noticed Terence
  2782 | D:3      | Killed Terence
  2783 | D:3      | Reached skill level 1 in Staves
  3165 | D:3      | Found Myejy's Armour Shop.
  3338 | D:4      | Reached XP level 5. HP: 29/35 MP: 6/9
  3752 | D:4      | Reached skill level 4 in Poison Magic
  4005 | D:4      | You fall into a shaft and drop 3 floors!
  4005 | D:7      | Noticed a wyvern
  4016 | D:6      | Noticed Prince Ribbit
  4018 | D:7      | HP: 1/35 [killer bee (2)]
  4019 | D:7      | Slain by a killer bee

Illustrated notes

Levels and vault maps discovered:
D:1:      roderic_crossed_star, layout_loops_ring
D:2:      layout_loops_ring, chequers_ecumenical_altar_grove,
          minmay_crystal_water, roderic_lattice_a,
          wander_ebering_terrifying_dragon_lair
D:3:      layout_basic, serial_shops, shop_coins, hex_medium, uniq_terence
D:4:      layout_loops_ring, amcnicky_altar_gilded, serial_aquarium,
          aquarium_bridge_long_joined [aquarium_subvault_balcony,
          aquarium_subvault_bridge, aquarium_subvault_wall,
          aquarium_subvault_window, aquarium_subvault_bridge,
          aquarium_subvault_wall], aquarium_window_corner, aquarium_window_1,
          aquarium_window_1, aquarium_view_2e, aquarium_view_2c,
          aquarium_balcony_5b, aquarium_pool_corner
D:6:      layout_loops_ring, kennysheep_small_square, uniq_eustachio,
          uniq_prince_ribbit1, uniq_crazy_yiuf_cottage
D:7:      layout_cave_pools, minmay_temple_entry_ruins, serial_column_ruins,
          column_ruins_square_small, column_ruins_open_medium,
          column_ruins_corridor_straight, column_ruins_columns_plus,
          column_ruins_open_small, column_ruins_grid_1, column_ruins_open_tiny,
          hangedman_abyss_or_decor_lesser_grid, minmay_misc_feat_rows,
          st_stairs_13

Skill      XL: |  1  2  3  4  5 |
---------------+----------------+-----
Transmutations | 1 2 |  2.3
Evocations     | 1 |  1.6
Staves         | 1 |  1.4
Spellcasting   | 3 |  3.1
Poison Magic   | 4 |  4.0
Dodging        | |  1.7
Stealth        | |  1.7

Action                   |  1- 3 |  4- 6 || total
-------------------------+-------+-------++-------
Melee: Staff             |    30 |    57 ||    87
       Spear             |     3 |       ||     3
 Cast: Sting             |    55 |    18 ||    73
       Poisonous Vapours |     2 |    16 ||    18
       Mephitic Cloud    |       |     2 ||     2
 Stab: Sleeping          |       |     3 ||     3
Armor: Robe              |    16 |       ||    16
       Leather armour    |     4 |    23 ||    27
Dodge: Dodged            |    46 |    57 ||   103

Table legend: (Time is in decaauts)
 A = Elapsed time spent in this place.
 B = Non-inter-level travel time spent in this place.
 C = Inter-level travel time spent in this place.
 D = Time resting spent in this place.
 E = Time spent auto-exploring this place.
 F = Levels seen in this place.
 G = Mean time per level.
                   A        B        C        D        E       F      G
               +--------+--------+--------+--------+--------+-----+--------+
         Total |   4032 |   3950 |     82 |     53 |   3255 |   6 |  672.0 |
       Dungeon |   4032 |   3950 |     82 |     53 |   3255 |   6 |  672.0 |
               +--------+--------+--------+--------+--------+-----+--------+

Top non-repeatable levels by time:
     D:2: 1381 daAuts
     D:1: 1113 daAuts
     D:3: 810 daAuts
     D:4: 713 daAuts
     D:7: 10 daAuts
     D:6: 3 daAuts
